 Dungeon Crawl Stone Soup version 0.32-a0-422-g28b100f618 (webtiles) character file.

Game seed: 14642386226255070351

74 Goatnapper the Shooter (level 4, -1/33 HPs)
             Began as a Coglin Hexslinger on Feb 21, 2024.
             Slain by a ribbon worm (6 damage)
             ... on level 3 of the Dungeon.
             The game lasted 00:01:42 (1468 turns).

Goatnapper the Shooter (Coglin Hexslinger)          Turns: 1468, Time: 00:01:42

Health: -1/33      AC:  2    Str:  8    XL:     4   Next: 30%
Magic:  5/5        EV: 13    Int: 12    God:
Gold:   73         SH:  0    Dex: 19    Spells: 5/5 levels left

rFire   . . .        a - +1 sling {Eadburga}
rCold   . . .        (no shield)
rNeg    . . .        c - +0 robe
rPois   .            (no helmet)
rElec   .            (no cloak)
rCorr   .            (no gloves)
SInv    .            (no boots)
Will    .....        (no amulet)
Stlth   ++           (no ring)
HPRegen 0.25/turn    (no ring)
MPRegen 0.09/turn

%: no passive effects
@: immotile, revved
A: off-hand wielding, slow wielding, warmup strikes, legs shutdown
a: no special abilities


You were on level 3 of the Dungeon.
You visited 1 branch of the dungeon, and saw 3 of its levels.

You collected 73 gold pieces.

Inventory:

Hand Weapons
 a - a +1 sling (weapon) {Eadburga}
Missiles
 f - a throwing net
Armour
 c - a +0 robe (worn)
Jewellery
 n - a ring of fire
Scrolls
 b - a scroll of poison
 g - a scroll of identify {unknown}
 i - 2 scrolls of enchant weapon {unknown}
 l - 2 scrolls of teleportation {unknown}
Potions
 d - 2 potions of heal wounds {unknown}
 e - a potion of resistance {unknown}
 h - a potion of haste {unknown}
 j - 2 potions of brilliance {unknown}
 k - a potion of mutation {unknown}
 m - a potion of lignification {unknown}


   Skills:
 + Level 2.0 Fighting
 * Level 3.1 Ranged Weapons
 + Level 2.4 Dodging
 - Level 1.0 Spellcasting
 - Level 2.6 Hexes
 - Level 0.8 Fire Magic


You had 5 spell levels left.
You didn't know any spells.
Your spell library contained the following spells:

 Spells                   Type           Power      Damage    Failure   Level
 Jinxbite                 Hex            14%        N/A       16%         2
 Kiss of Death            Conj/Necr      0%         2d5       30%         1
 Confusing Touch          Hex            7%         N/A       30%         3
 Sigil of Binding         Hex            7%         N/A       30%         3
 Inner Flame              Hex/Fire       4%         N/A       41%         3
 Cause Fear               Hex            3%         N/A       69%         4
 Dimensional Bullseye     Hex/Tloc       1%         N/A       86%         4
 Dispel Undead            Necr           0%         3d6       96%         4
 Chain Lightning          Conj/Air       0%         N/A       100%        9
 Fire Storm               Conj/Fire      0%         6d1       100%        9
 Shatter                  Erth           0%         3d5*      100%        9


Dungeon Overview and Level Annotations

Branches:
Dungeon (3/15)

Altars:


Innate Abilities, Weirdness & Mutations

You can wield a second weapon in your off-hand.
It takes a long time for you to wield or remove held weapons.
Your first few attacks do less damage.
Attacking and casting redirects power from your legs.


Message History

You are too injured to fight recklessly!
You are too injured to fight recklessly!
You are too injured to fight recklessly!
You are too injured to fight recklessly!
You are too injured to fight recklessly!
You are too injured to fight recklessly!
You are too injured to fight recklessly!
You shoot a sling bullet. The sling bullet hits the ribbon worm.
The ribbon worm is moderately wounded.
The ribbon worm expels a string of sticky webbing.
The stream of webbing hits you but does no damage.
You are caught in a web!
The web tears apart.
You are no longer unable to travel.
The ribbon worm bites you!
You shoot a sling bullet. The sling bullet hits the ribbon worm!
The ribbon worm is severely wounded.
The ribbon worm bites you.
You shoot a sling bullet. The sling bullet hits the ribbon worm.
The ribbon worm is almost dead.
The ribbon worm closely misses you.
You shoot a sling bullet.
The sling bullet barely misses the ribbon worm.
The ribbon worm expels a string of sticky webbing.
The stream of webbing hits you but does no damage.
You are caught in a web!
The web tears apart.
You are no longer unable to travel.
You shoot a sling bullet.
The sling bullet barely misses the ribbon worm.
The ribbon worm bites you but does no damage.
You shoot a sling bullet.
The sling bullet barely misses the ribbon worm.
The ribbon worm barely misses you. The ribbon worm bites you!
* * * LOW HITPOINT WARNING * * *
Unknown command.
You shoot a sling bullet.
The sling bullet barely misses the ribbon worm.
The ribbon worm bites you.
You die...

..#.#
..#.#
##...$#
#.....##
.......#
#.....#
#w....#
#@# #.#
#.# #.#
#.# #.#
#.# #.#


You could see a ribbon worm.

Vanquished Creatures
  A dart slug (D:1)
  2 endoplasms (D:1)
  14 giant cockroaches
  3 goblins
  2 hobgoblins (D:2)
  A quokka (D:1)
  4 ball pythons
  4 bats
  3 frilled lizards
  6 rats
40 creatures vanquished.

Notes
Turn   | Place    | Note
-------+----------+-------------------------------------------
     0 | D:1      | Goatnapper the Coglin Hexslinger began the quest for the
                  | Orb.
     0 | D:1      | Reached XP level 1. HP: 15/15 MP: 2/2
   137 | D:1      | Reached skill level 2 in Ranged Weapons
   155 | D:1      | Reached XP level 2. HP: 21/21 MP: 3/3
   307 | D:1      | Reached XP level 3. HP: 23/26 MP: 4/4
   897 | D:2      | Reached XP level 4. HP: 33/33 MP: 5/5
   903 | D:2      | Reached skill level 3 in Ranged Weapons
  1468 | D:3      | Slain by a ribbon worm

Illustrated notes

Levels and vault maps discovered:
D:1:      minmay_arrival_four_houses, layout_loops_ring, st_stairs_8
D:2:      minmay_roachtagon, layout_loops_ring,
          hangedman_abyss_or_decor_lesser_grid, chequers_serial_rivers_micro_b,
          serial_park_tiny_pond
D:3:      layout_loops_ring, nzn_hepliaklqana_mist_gate, uniq_terence,
          uniq_crazy_yiuf_cottage

Skill      XL: |  1  2  3  4 |
---------------+-------------+-----
Ranged Weapons | 2 3 |  3.1
Dodging        | 2 |  2.4
Fighting       | 2 |  2.0
Spellcasting   | |  1.0
Hexes          | |  2.6
Fire Magic     | |  0.8

Action                     |  1- 3 |  4- 6 || total
---------------------------+-------+-------++-------
   Fire: Sling             |    87 |    45 ||   132
 Armour: Robe              |    20 |    11 ||    31
  Dodge: Dodged            |    36 |    11 ||    47

Table legend: (Time is in decaauts)
 A = Elapsed time spent in this place.
 B = Non-inter-level travel time spent in this place.
 C = Inter-level travel time spent in this place.
 D = Time resting spent in this place.
 E = Time spent auto-exploring this place.
 F = Levels seen in this place.
 G = Mean time per level.
                   A        B        C        D        E       F      G
               +--------+--------+--------+--------+--------+-----+--------+
         Total |   1502 |   1401 |    101 |      0 |   1169 |   3 |  500.7 |
       Dungeon |   1502 |   1401 |    101 |      0 |   1169 |   3 |  500.7 |
               +--------+--------+--------+--------+--------+-----+--------+

Top non-repeatable levels by time:
     D:2: 786 daAuts
     D:1: 699 daAuts
     D:3: 16 daAuts
